 Dungeon Sprint DCSS version 0.29.1-1-gd02db6906a (webtiles) character file.

Game seed: 13936108244977456961

495 CougarLife the Grappler (level 6, -1/57 (59) HPs)
             Began as a Troll Fighter on Sept 19, 2022.
             Was the Champion of Cheibriados.
             Slain by a centaur (6 damage)
             ... in the Dungeon (Sprint VII: "The Pits").
             The game lasted 00:01:32 (251 turns).

CougarLife the Grappler (Troll Fighter)              Turns: 251, Time: 00:01:32

HP:   -1/57 (59)    AC:  4    Str: 42    XL:     6   Next: 92%
MP:   2/5           EV: 10    Int: 19    God:    Cheibriados [******]
Gold: 0             SH: 10    Dex: 24    Spells: 5/5 levels left

rFire   . . .      SeeInvis .     - Unarmed
rCold   . . .      Faith    .   b - +0 kite shield
rNeg    . . .      Spirit   .   a - +0 robe
rPois   .          Reflect  .   (helmet restricted)
rElec   .          Harm     .   (no cloak)
rCorr   .          Rampage  .   (gloves unavailable)
Will    .....      NoTele   +   (boots unavailable)
Stlth   ++........              (no amulet)
HPRegen 0.99/turn               (no ring)
MPRegen 0.09/turn               (no ring)

@: lightly drained, very slow
A: large, unfitting armour, claws 3, regeneration 1, shaggy fur 1, tough skin 1
a: Renounce Religion, Bend Time, Temporal Distortion, Slouch, Step From Time


You were in the Dungeon.
You worshipped Cheibriados.
Cheibriados was exalted by your worship.
You visited 1 branch

Inventory:

Missiles
 k - 10 stones (quivered)
Armour
 a - a +0 robe (worn)
 b - a +0 kite shield (worn)
Scrolls
 i - a scroll of blinking
Potions
 c - a potion of might
 d - 5 potions of curing
 e - 5 potions of heal wounds
 f - a potion of haste
 g - 4 potions of magic
 h - 3 potions of berserk rage
 j - 2 potions of invisibility


   Skills:
 - Level 2.4 Fighting
 - Level 2.4 Dodging
 - Level 2.6 Shields
 + Level 14.7 Unarmed Combat


You had 5 spell levels left.
You didn't know any spells.
Your spell library was empty.

Dungeon Overview and Level Annotations

Branches:
Dungeon (1/1)

Altars:
Ashenzari
Cheibriados
Dithmenos
Elyvilon
Fedhas
Gozag
Hepliaklqana
Kikubaaqudgha
Makhleb
Nemelex Xobeh
Okawaru
Qazlal
Ru
Sif Muna
Trog
Uskayaw
Vehumet
Wu Jian
Xom
Yredelemnul
Zin
The Shining One
Jiyva
Lugonu


Innate Abilities, Weirdness & Mutations

You are too large for most types of armour.
You have claws for hands.
Your natural rate of healing is unusually fast.
You are covered in fur. (AC +1)
You have tough skin. (AC +1)


Message History

You hear a bark!
You closely miss the wight.
The wight hits you from afar with a +1 trident.
You feel drained.
The wight hits you with a +4 morningstar!
The wight barely misses you.
The centaur shoots an arrow.
You block the arrow.
The wight hits you from afar with a +1 trident.
* * * LOW HITPOINT WARNING * * *
You feel drained.
* * * LOW HITPOINT WARNING * * *
The wight misses you.
There is an open door here.
The flow of time bends around you.
The wight resists with some effort.
The centaur resists with some effort.
The centaur unwields a +0 shortbow.
You block the centaur's attack. x2; You block the wight's attack.
The wight closely misses you.
You claw the wight!
The wight is almost destroyed.
You block the centaur's attack.
The centaur kicks you but does no damage.
The wight hits you from afar with a +1 trident.
* * * LOW HITPOINT WARNING * * *
The wight barely misses you. The centaur hits you.
* * * LOW HITPOINT WARNING * * *
You block the centaur's attack.
You scratch the wight.
You destroy the wight!
Cheibriados thoroughly appreciates the change of pace.
You block the wight's attack. The centaur barely misses you. x2
Your life force feels restored.
You block the centaur's attack. x2; The wight barely misses you.
The centaur hits you.
* * * LOW HITPOINT WARNING * * *
You block the centaur's attack.
The wight hits you from afar with a +1 trident!
* * * LOW HITPOINT WARNING * * *
You feel drained.
* * * LOW HITPOINT WARNING * * *
The centaur hits you.
You die...

#.#........##.......#
#'###########.......#
#.......#..##########
#..###..#.######
#.......#.#....#
##.###.##)#....#
#.......#.zh...+
#..###..#c#....#
#.......'@#..h.#
################


You could see a centaur and a wight.

Vanquished Creatures
  A shadow (D)
  A water moccasin (D)
  A wight (D)
  A gnoll bouda (D)
  An orc priest (D)
  An iguana (D)
  An orc wizard (D)
  3 gnolls (D)
  An adder (D)
  A river rat (D)
  2 orcs (D)
  2 ball pythons (D)
  2 bats (D)
  7 jackals (D)
  2 kobolds (D)
  A frilled lizard (D)
  A goblin (D)
  A jackal zombie (D)
  A rat (D)
31 creatures vanquished.

Notes
Turn   | Place    | Note
-------+----------+-------------------------------------------
     0 | D        | CougarLife the Troll Fighter began the quest for the Orb.
     0 | D        | Reached XP level 1. HP: 22/22 MP: 0/0
    16 | D        | Found a bloodstained altar of Trog.
    16 | D        | Found a shimmering blue altar of Sif Muna.
    16 | D        | Found a viscous altar of Jiyva.
    16 | D        | Found a hazy altar of Hepliaklqana.
    16 | D        | Found an opulent altar of Gozag.
    17 | D        | Found a glowing golden altar of the Shining One.
    17 | D        | Found a glowing silver altar of Zin.
    17 | D        | Found a basalt altar of Yredelemnul.
    17 | D        | Found a shimmering altar of Xom.
    17 | D        | Found an ornate altar of the Wu Jian Council.
    17 | D        | Found a sacrificial altar of Ru.
    17 | D        | Found a stormy altar of Qazlal.
    17 | D        | Found an iron altar of Okawaru.
    17 | D        | Found a sparkling altar of Nemelex Xobeh.
    17 | D        | Found a burning altar of Makhleb.
    17 | D        | Found a blossoming altar of Fedhas.
    17 | D        | Found a white marble altar of Elyvilon.
    17 | D        | Found a shadowy altar of Dithmenos.
    17 | D        | Found a snail-covered altar of Cheibriados.
    18 | D        | Found a radiant altar of Vehumet.
    18 | D        | Found a corrupted altar of Lugonu.
    19 | D        | Found an ancient bone altar of Kikubaaqudgha.
    19 | D        | Found a hide-covered altar of Uskayaw.
    19 | D        | Found a broken altar of Ashenzari.
    25 | D        | Became a worshipper of Cheibriados the Contemplative
    58 | D        | Reached skill level 3 in Unarmed Combat
    64 | D        | Reached * piety under Cheibriados
    68 | D        | Reached ** piety under Cheibriados
    69 | D        | Reached skill level 4 in Unarmed Combat
    82 | D        | Reached *** piety under Cheibriados
    83 | D        | Reached XP level 2. HP: 29/29 MP: 1/1
    84 | D        | Reached skill level 5 in Unarmed Combat
    92 | D        | Reached **** piety under Cheibriados
   111 | D        | Reached skill level 6 in Unarmed Combat
   116 | D        | Reached ***** piety under Cheibriados
   165 | D        | Noticed a water moccasin
   168 | D        | Reached XP level 3. HP: 27/36 MP: 2/2
   172 | D        | Reached skill level 7 in Unarmed Combat
   178 | D        | Reached skill level 8 in Unarmed Combat
   178 | D        | Reached XP level 4. HP: 34/44 MP: 3/3
   189 | D        | Killed a water moccasin
   190 | D        | Reached skill level 11 in Unarmed Combat
   190 | D        | Reached XP level 5. HP: 45/50 MP: 4/4
   191 | D        | Reached ****** piety under Cheibriados
   213 | D        | Reached skill level 12 in Unarmed Combat
   214 | D        | Noticed a shadow
   220 | D        | Killed a shadow
   221 | D        | Reached skill level 13 in Unarmed Combat
   221 | D        | Reached XP level 6. HP: 56/59 MP: 5/5
   228 | D        | Reached skill level 14 in Unarmed Combat
   251 | D        | Slain by a centaur

Illustrated notes

Levels and vault maps discovered:
D:        pitsprint [storerooms_1, entrance_room_1, metal_vault_6, armoury_1,
          mini_pit_1, grid_room_1, main_hall_1, silver_pit, the_coven_1,
          the_vestibule_1, steel_vault_1, golden_pit, hallway_of_sentries,
          crystal_vault_1, iron_vault_3, final_vault]

Skill      XL: |  1  2  3  4  5  6 |
---------------+-------------------+-----
Unarmed Combat | 4 6 8 11 13 14 | 14.7
Fighting       | |  2.4
Dodging        | |  2.4
Shields        | |  2.6

Action                   |  1- 3 |  4- 6 || total
-------------------------+-------+-------++-------
Melee: Unarmed           |    51 |    35 ||    86
Invok: Bend Time         |       |     1 ||     1
  Use: Potion            |       |     2 ||     2
 Stab: Sleeping          |       |     1 ||     1
Armor: Robe              |    24 |     3 ||    27
Dodge: Dodged            |    21 |    15 ||    36
Block: Kite shield       |    27 |    25 ||    52
